IL
FRESNO GRIZZLIES @ PAWTUCKET RED SOX
04/28/2048
 
TOP OF THE 1ST
Fresno Grizzlies batting - Pitching for Pawtucket Red Sox : RHP Andy Garvin
Pitching: RHP Andy Garvin
Batting: RHB Xavier Castaneda 0-0: Ground out U3 (Groundball, 34, EV 86.2 MPH)
Batting: RHB Bruce Bermudez 0-0: Swinging Strike
0-1: Foul Ball, location: 2F
0-2: Foul Ball, location: 2F
0-2: Strikes out swinging
Batting: RHB Ramon Castellon 0-0: Fly out, F9 (Flyball, 9, EV 88.8 MPH)
Top of the 1st over - 0 runs, 0 hits, 0 errors, 0 left on base; Fresno 0 - Pawtucket 0
BOTTOM OF THE 1ST
Pawtucket Red Sox batting - Pitching for Fresno Grizzlies : RHP Kyle McPeak
Pitching: RHP Kyle McPeak
Batting: RHB Roberto Morales 0-0: Ball
1-0: Called Strike
1-1: Foul Ball, location: 2F
1-2: Foul Ball, location: 2F
1-2: Fly out, F3 (Popup, 3SF, EV 85.0 MPH)
Batting: RHB Brandon Perris 0-0: Foul Ball, location: 2F
0-1: Ball
1-1: Swinging Strike
1-2: Foul Ball, location: 2F
1-2: Hit by Pitch
Batting: RHB Jose Diaz 0-0: Ball
1-0: Ball
2-0: SINGLE (Groundball, 6D, EV 105.0 MPH)
Brandon Perris to second
Batting: LHB Frank Olivo 0-0: Ball
1-0: Ball
Wild Pitch!
Brandon Perris to third
Jose Diaz to second
2-0: Ball
3-0: Called Strike
3-1: Called Strike
3-2: Foul Ball, location: 2F
3-2: Ground out U3 (Groundball, 34, EV 86.2 MPH)
Brandon Perris scores
Jose Diaz to third
Batting: RHB Matt Hinkle 0-0: Foul Ball, location: 2F
0-1: Ball
1-1: Foul Ball, location: 2F
1-2: Ball
2-2: Ball
3-2: Fly out, F7 (Flyball, 78D, EV 87.5 MPH)
Bottom of the 1st over - 1 run, 1 hit, 0 errors, 1 left on base; Fresno 0 - Pawtucket 1
TOP OF THE 2ND
Fresno Grizzlies batting - Pitching for Pawtucket Red Sox : RHP Andy Garvin
Batting: RHB Elijah Hunter 0-0: Foul Ball, location: 2F
0-1: Ground out 6-3 (Groundball, 56, EV 109.4 MPH)
Batting: SHB Paskar Adegoke 0-0: Called Strike
0-1: SOLO HOME RUN (Line Drive, 9LD, EV 94.4 MPH), Distance : 357 ft
Batting: RHB Marty King 0-0: Foul Ball, location: 2F
0-1: Swinging Strike
0-2: Strikes out swinging
Batting: LHB Kelvin Jones 0-0: SINGLE (Groundball, 34D, EV 98.1 MPH) (infield hit)
Batting: RHB Nick Deegan 0-0: Fielders Choice at 2nd, 5-4 (Groundball, 56, EV 84.4 MPH)
Top of the 2nd over - 1 run, 2 hits, 0 errors, 1 left on base; Fresno 1 - Pawtucket 1
BOTTOM OF THE 2ND
Pawtucket Red Sox batting - Pitching for Fresno Grizzlies : RHP Kyle McPeak
Batting: RHB Sal Rivera 0-0: Called Strike
0-1: Ball
1-1: Called Strike
1-2: Foul Ball, location: 2F
1-2: Ball
2-2: Foul Ball, location: 2F
2-2: Strikes out looking
Batting: RHB Neil Mautone 0-0: Ball
1-0: Swinging Strike
1-1: Ball
2-1: Fly out, F9 (Flyball, 89S, EV 75.0 MPH)
Batting: RHB Joe Evrard 0-0: Called Strike
0-1: Hit by Pitch
Batting: RHB Andy Garvin 0-0: Ball
1-0: Ball
2-0: Called Strike
2-1: Called Strike
2-2: Strikes out swinging
Bottom of the 2nd over - 0 runs, 0 hits, 0 errors, 1 left on base; Fresno 1 - Pawtucket 1
TOP OF THE 3RD
Fresno Grizzlies batting - Pitching for Pawtucket Red Sox : RHP Andy Garvin
Batting: SHB Danny Jensen 0-0: Swinging Strike
0-1: Ball
1-1: Foul Ball, location: 2F
1-2: Ball
2-2: Foul Ball, location: 2F
2-2: Ball
3-2: Base on Balls
Batting: RHB Xavier Castaneda 0-0: Ball
1-0: Called Strike
1-1: Ball
2-1: Called Strike
2-2: Ground out 4-3 (Groundball, 34, EV 101.2 MPH)
Danny Jensen to second
Batting: RHB Bruce Bermudez 0-0: Ball
1-0: Ball
2-0: Ground out 6-3 (Groundball, 6, EV 82.5 MPH)
Batting: RHB Ramon Castellon 0-0: Called Strike
0-1: Ball
1-1: Ground out 6-3 (Groundball, 6, EV 81.2 MPH)
Top of the 3rd over - 0 runs, 0 hits, 0 errors, 1 left on base; Fresno 1 - Pawtucket 1
BOTTOM OF THE 3RD
Pawtucket Red Sox batting - Pitching for Fresno Grizzlies : RHP Kyle McPeak
Batting: RHB Roberto Morales 0-0: Called Strike
0-1: Ball
1-1: Ball
2-1: Ground out 6-3 (Groundball, 6, EV 101.2 MPH)
Batting: RHB Brandon Perris 0-0: Called Strike
0-1: Foul Ball, location: 2F
0-2: Foul Ball, location: 2F
0-2: Foul Ball, location: 2F
0-2: Ground out 6-3 (Groundball, 6, EV 96.2 MPH)
Batting: RHB Jose Diaz 0-0: Called Strike
0-1: Fly out, F9 (Line Drive, 9S, EV 88.1 MPH)
Bottom of the 3rd over - 0 runs, 0 hits, 0 errors, 0 left on base; Fresno 1 - Pawtucket 1
TOP OF THE 4TH
Fresno Grizzlies batting - Pitching for Pawtucket Red Sox : RHP Andy Garvin
Batting: RHB Elijah Hunter 0-0: Ball
1-0: Ball
2-0: Foul Ball, location: 2F
2-1: Ball
3-1: Called Strike
3-2: Base on Balls
Batting: SHB Paskar Adegoke 0-0: Called Strike
0-1: Ball
1-1: Foul Ball, location: 2F
1-2: Grounds out, U3 (Groundball, 3L, EV 101.2 MPH)
Batting: RHB Marty King 0-0: Called Strike
0-1: Foul Ball, location: 2F
0-2: Ground out 3-1 (Groundball, 34, EV 86.2 MPH)
Elijah Hunter to third
Batting: LHB Kelvin Jones 0-0: Foul Ball, location: 2F
0-1: Ball
1-1: Ball
2-1: Called Strike
2-2: Fly out, F7 (Flyball, 7, EV 90.0 MPH)
Top of the 4th over - 0 runs, 0 hits, 0 errors, 1 left on base; Fresno 1 - Pawtucket 1
BOTTOM OF THE 4TH
Pawtucket Red Sox batting - Pitching for Fresno Grizzlies : RHP Kyle McPeak
Batting: LHB Frank Olivo 0-0: Ball
1-0: Ball
2-0: Swinging Strike
2-1: Foul Ball, location: 2F
2-2: Ball
3-2: Ground out 6-3 (Groundball, 6, EV 86.2 MPH)
Batting: RHB Matt Hinkle 0-0: Foul Ball, location: 2F
0-1: Ball
1-1: Ball
2-1: Ball
3-1: Base on Balls
Batting: RHB Sal Rivera 0-0: Ball
1-0: Called Strike
1-1: Fly out, F8 (Line Drive, 8LM, EV 100.0 MPH)
Batting: RHB Neil Mautone 0-0: Ball
1-0: Called Strike
1-1: Foul Ball, location: 2F
1-2: Ball
2-2: Foul Ball, location: 2F
2-2: Ball
3-2: Base on Balls
Matt Hinkle to second
Batting: RHB Joe Evrard 0-0: Called Strike
0-1: Called Strike
0-2: Foul Ball, location: 2F
0-2: Ball
1-2: Ball
2-2: SINGLE (Groundball, 56D, EV 97.5 MPH)
Matt Hinkle to third
Neil Mautone to second
Runner from 3rd tries for Home, throw by LF and OUT! 7-2
Bottom of the 4th over - 0 runs, 1 hit, 0 errors, 2 left on base; Fresno 1 - Pawtucket 1
TOP OF THE 5TH
Fresno Grizzlies batting - Pitching for Pawtucket Red Sox : RHP Andy Garvin
Batting: RHB Nick Deegan 0-0: Ball
1-0: Swinging Strike
1-1: Foul Ball, location: 2F
1-2: Ball
2-2: Foul Ball, location: 2F
2-2: Ball
3-2: Base on Balls
Batting: SHB Danny Jensen 0-0: Ball
1-0: Called Strike
1-1: Fielders Choice at 2nd, 4-6 (Groundball, 4, EV 103.1 MPH)
Batting: RHB Xavier Castaneda 0-0: Called Strike
0-1: Ball
1-1: Swinging Strike
1-2: Foul Ball, location: 2F
1-2: Ball
2-2: Ball
3-2: Foul Ball, location: 2F
3-2: Foul Ball, location: 2F
3-2: Base on Balls
Danny Jensen to second
Batting: RHB Bruce Bermudez 0-0: Called Strike
0-1: Foul Ball, location: 2F
0-2: Ball
1-2: Strikes out looking
Batting: RHB Ramon Castellon 0-0: Ball
1-0: Fly out, F7 (Flyball, 7S, EV 82.5 MPH)
Top of the 5th over - 0 runs, 0 hits, 0 errors, 2 left on base; Fresno 1 - Pawtucket 1
BOTTOM OF THE 5TH
Pawtucket Red Sox batting - Pitching for Fresno Grizzlies : RHP Kyle McPeak
Batting: RHB Andy Garvin 0-0: Called Strike
0-1: Ball
1-1: Ground out U3 (Groundball, 13, EV 80.0 MPH)
Batting: RHB Roberto Morales 0-0: Ball
1-0: Ball
2-0: Swinging Strike
2-1: Foul Ball, location: 2F
2-2: Fly out, F9 (Flyball, 9D, EV 90.6 MPH)
Pitching: RHP Jorge Aguilar
Batting: RHB Brandon Perris 0-0: Called Strike
0-1: Ball
1-1: Swinging Strike
1-2: Ball
2-2: Strikes out swinging
Bottom of the 5th over - 0 runs, 0 hits, 0 errors, 0 left on base; Fresno 1 - Pawtucket 1
TOP OF THE 6TH
Fresno Grizzlies batting - Pitching for Pawtucket Red Sox : RHP Andy Garvin
Batting: RHB Elijah Hunter 0-0: Ball
1-0: Foul Ball, location: 2F
1-1: Ground out 6-3 (Groundball, 6, EV 76.9 MPH)
Batting: SHB Paskar Adegoke 0-0: Ball
1-0: Ball
2-0: Foul Ball, location: 2F
2-1: Swinging Strike
2-2: Foul Ball, location: 2F
2-2: Ball
3-2: Base on Balls
Batting: RHB Marty King 0-0: Foul Ball, location: 2F
0-1: Grounds into double play, 6-4-3 (Groundball, 6, EV 103.1 MPH)
Top of the 6th over - 0 runs, 0 hits, 0 errors, 0 left on base; Fresno 1 - Pawtucket 1
BOTTOM OF THE 6TH
Pawtucket Red Sox batting - Pitching for Fresno Grizzlies : RHP Jorge Aguilar
Batting: RHB Jose Diaz 0-0: Called Strike
0-1: Ball
1-1: Foul Ball, location: 2F
1-2: Strikes out swinging
Batting: LHB Frank Olivo 0-0: Ground out 6-3 (Groundball, 6, EV 81.2 MPH)
Batting: RHB Matt Hinkle 0-0: Called Strike
0-1: Ball
1-1: Ball
2-1: DOUBLE (Groundball, 5L, EV 103.1 MPH)
Batting: RHB Sal Rivera 0-0: DOUBLE (Flyball, 8RXD, EV 102.5 MPH)
Matt Hinkle scores
Batting: RHB Neil Mautone 0-0: Called Strike
0-1: Fly out, F9 (Flyball, 89M, EV 94.4 MPH)
Bottom of the 6th over - 1 run, 2 hits, 0 errors, 1 left on base; Fresno 1 - Pawtucket 2
TOP OF THE 7TH
Fresno Grizzlies batting - Pitching for Pawtucket Red Sox : RHP Andy Garvin
Batting: LHB Kelvin Jones 0-0: Ball
1-0: Ground out 6-3 (Groundball, 6, EV 92.5 MPH)
Batting: RHB Nick Deegan 0-0: Ball
1-0: DOUBLE (Line Drive, 8RD, EV 103.8 MPH)
Batting: SHB Danny Jensen 0-0: Called Strike
0-1: Ball
1-1: Ball
2-1: Ball
3-1: Ground out 6-3 (Groundball, 4M, EV 106.9 MPH)
Nick Deegan to third
Pitching: RHP Steve Capizzi
Batting: RHB Xavier Castaneda 0-0: Called Strike
0-1: Ball
1-1: Called Strike
1-2: Strikes out swinging
Top of the 7th over - 0 runs, 1 hit, 0 errors, 1 left on base; Fresno 1 - Pawtucket 2
BOTTOM OF THE 7TH
Pawtucket Red Sox batting - Pitching for Fresno Grizzlies : RHP Jorge Aguilar
Batting: RHB Joe Evrard 0-0: Foul Ball, location: 2F
0-1: Ball
1-1: Called Strike
1-2: Ball
2-2: Strikes out looking
Batting: RHB Andy Garvin 0-0: Ball
1-0: Called Strike
1-1: Ball
2-1: Called Strike
2-2: DOUBLE (Line Drive, 89M, EV 93.1 MPH)
Batting: RHB Roberto Morales 0-0: Ball
1-0: Called Strike
1-1: Ball
2-1: Ball
3-1: Base on Balls
Batting: RHB Brandon Perris 0-0: Called Strike
0-1: Ball
1-1: Swinging Strike
1-2: Strikes out swinging
Batting: RHB Jose Diaz 0-0: Ball
Wild Pitch!
Andy Garvin to third
Roberto Morales to second
1-0: Called Strike
1-1: Called Strike
1-2: Ball
2-2: Strikes out swinging
Bottom of the 7th over - 0 runs, 1 hit, 0 errors, 2 left on base; Fresno 1 - Pawtucket 2
TOP OF THE 8TH
Fresno Grizzlies batting - Pitching for Pawtucket Red Sox : RHP Steve Capizzi
Batting: RHB Bruce Bermudez 0-0: Called Strike
0-1: Ball
1-1: DOUBLE (Line Drive, 9LM, EV 103.8 MPH)
Batting: RHB Ramon Castellon 0-0: Ground out 6-3 (Groundball, 56, EV 101.9 MPH)
Batting: RHB Elijah Hunter 0-0: Fly out, F7 (Line Drive, 7S, EV 99.4 MPH)
Batting: SHB Paskar Adegoke 0-0: Foul Ball, location: 2F
0-1: Swinging Strike
0-2: Strikes out swinging
Top of the 8th over - 0 runs, 1 hit, 0 errors, 1 left on base; Fresno 1 - Pawtucket 2
BOTTOM OF THE 8TH
Pawtucket Red Sox batting - Pitching for Fresno Grizzlies : RHP Jorge Aguilar
Pitching: LHP Mike Cobb
Pinch Hitting: RHB Ernie Genier 0-0: Called Strike
0-1: Ball
1-1: Foul Ball, location: 2F
1-2: Strikes out swinging
Pitching: RHP Bill Garcia
Batting: RHB Matt Hinkle 0-0: Ball
1-0: Foul Ball, location: 2F
1-1: Foul Ball, location: 2F
1-2: Fly out, F7 (Flyball, 7LD, EV 98.1 MPH)
Batting: RHB Sal Rivera 0-0: Ball
1-0: Ball
2-0: Ball
3-0: Base on Balls
Batting: RHB Neil Mautone 0-0: Called Strike
0-1: Foul Ball, location: 2F
0-2: Foul Ball, location: 2F
0-2: Ball
1-2: Ball
2-2: Ball
3-2: SINGLE (Groundball, 6MD, EV 105.6 MPH)
Sal Rivera to second
Sal Rivera to third
Batting: RHB Joe Evrard 0-0: Foul Ball, location: 2F
0-1: Ball
1-1: Called Strike
1-2: Ball
2-2: Strikes out swinging
Bottom of the 8th over - 0 runs, 1 hit, 0 errors, 2 left on base; Fresno 1 - Pawtucket 2
TOP OF THE 9TH
Fresno Grizzlies batting - Pitching for Pawtucket Red Sox : RHP Steve Capizzi
Pitching: RHP Jim Whiteman
Now at 2B: Brandon Perris
Now at 3B: David Norum
Batting: RHB Marty King 0-0: Ball
1-0: Foul Ball, location: 2F
1-1: Swinging Strike
1-2: Ball
2-2: Foul Ball, location: 2F
2-2: Strikes out swinging
Batting: LHB Kelvin Jones 0-0: Called Strike
0-1: Swinging Strike
0-2: Ball
1-2: Strikes out swinging
Batting: RHB Nick Deegan 0-0: Ball
1-0: Foul Ball, location: 2F
1-1: Ground out 6-3 (Groundball, 56D, EV 85.0 MPH)
Top of the 9th over - 0 runs, 0 hits, 0 errors, 0 left on base; Fresno 1 - Pawtucket 2
Tuesday, March 28th , 2023 - OOTP Baseball 23.10 Build 110